 Dungeon Crawl Stone Soup version 0.23.0 (webtiles) character file.

Game seed: 14793280471956005465

38 tidbits the Insei (level 3, 24/28 HPs)
             Began as a Gnoll Transmuter on Feb 14, 2019.
             Quit the game on level 2 of the Dungeon.
             The game lasted 00:03:28 (427 turns).

tidbits the Insei (Gnoll Transmuter)                 Turns: 427, Time: 00:03:30

Health: 24/28      AC:  2    Str: 12    XL:     3   Next: 43%
Magic:  3/9        EV: 23    Int: 16    God:
Gold:   77         SH:  0    Dex: 20    Spells: 6/12 levels left

rFire    . . .     SeeInvis .     - Unarmed
rCold    . . .     Gourm    .   (shield currently unavailable)
rNeg     . . .     Faith    .   (armour currently unavailable)
rPois    x         Spirit   .   (helmet currently unavailable)
rElec    .         Reflect  .   (cloak currently unavailable)
rCorr    .         Harm     .   (gloves currently unavailable)
MR       .....                  (boots currently unavailable)
Stlth    ++........             (no amulet)
HPRegen  0.09/turn              (no ring)
MPRegen  0.11/turn              (no ring)

@: spider-form
A: tiny, distributed training, strong nose
a: End Transformation


You were on level 2 of the Dungeon.
You were not hungry.
You were a venomous arachnid creature.
You visited 1 branch of the dungeon, and saw 2 of its levels.

You collected 77 gold pieces.

Inventory:

Hand Weapons
 f - a +0 dagger
Missiles
 a - 10 arrows
 h - 24 stones (quivered)
Armour
 b - a +0 robe (melded)
 E - a +0 helmet (melded)
Scrolls
 c - a scroll of enchant weapon {unknown}
 g - a scroll of amnesia {unknown}
 i - a scroll of identify {unknown}
Potions
 e - a potion of curing {unknown}
Comestibles
 d - a ration


   Skills:
 + Level 2.6 Fighting
 + Level 0.7 Short Blades
 + Level 0.7 Long Blades
 + Level 0.7 Axes
 + Level 0.7 Maces & Flails
 + Level 0.7 Polearms
 + Level 0.7 Staves
 + Level 0.7 Slings
 + Level 0.7 Bows
 + Level 0.7 Crossbows
 + Level 0.7 Throwing
 + Level 0.7 Armour
 + Level 4.5 Dodging
 + Level 0.7 Stealth
 + Level 0.7 Shields
 + Level 6.5 Unarmed Combat
 + Level 5.0 Spellcasting
 + Level 0.5 Conjurations
 + Level 0.5 Hexes
 + Level 0.5 Charms
 + Level 0.5 Summonings
 + Level 0.5 Necromancy
 + Level 0.5 Translocations
 + Level 3.7 Transmutations
 + Level 0.5 Fire Magic
 + Level 0.5 Ice Magic
 + Level 0.5 Air Magic
 + Level 0.5 Earth Magic
 + Level 0.5 Poison Magic
 + Level 0.9 Invocations
 + Level 0.7 Evocations


You had 6 spell levels left.
You knew the following spells:

 Your Spells              Type           Power        Failure   Level  Hunger
e - Beastly Appendage     Tmut           ###...       11%         1    None
k - Sticks to Snakes      Tmut           ###.....     14%         2    #......
p - Spider Form           Tmut/Pois      ##........   38%         3    ###....

Your spell library contained the following spells:

 Spells                   Type           Power        Failure   Level  Hunger
 Ice Form                 Ice/Tmut       ##......     75%         4    ####...
 Blade Hands              Tmut           ###.......   83%         5    ######.


Dungeon Overview and Level Annotations

Branches:
Dungeon (2/15)

Altars:
Uskayaw


Innate Abilities, Weirdness & Mutations

Your experience applies equally to all skills.
((You have very sharp teeth.))
Your uncanny sense of smell can sniff out nearby items.


Message History

You kill the bat!
You see here 5 gold pieces.
You now have 48 gold pieces (gained 5).
Your transformation is almost over.
Found 16 gold pieces.
Unknown command.
Found 19 sling bullets.
Unknown command.
Found an escape hatch in the ceiling.
A rat comes into view.
Your talons disappear.
You see here 16 gold pieces.
You now have 64 gold pieces (gained 16).
Casting: Beastly Appendage (safe; 3% risk of failure)
Confirm with . or Enter, or press ? or * to list all spells.
Your feet morph into talons.
The rat misses you.
You completely miss the rat. The rat bites you.
You hit the rat.
You kill the rat!
You see here a rat corpse.
Your transformation is almost over.
Unknown command.
Unknown command.
An adder comes into view.
The adder hisses angrily.
Casting: Beastly Appendage (safe; 3% risk of failure)
Confirm with . or Enter, or press ? or * to list all spells.
You create a snake!
You now have 11 arrows.
Unknown command.
Casting: Sticks to Snakes (safe; 5% risk of failure)
Confirm with . or Enter, or press ? or * to list all spells.
You extend your transformation's duration.
Your adder barely misses the adder.
You punch the adder! You claw the adder.
You kill the adder!
Your Spellcasting skill increases to level 5!
You have reached level 3!
Your experience leads to an increase in your attributes!
Increase (S)trength, (I)ntelligence, or (D)exterity?
You feel clever.
Memorise Spider Form, consuming 3 spell levels and leaving 6?
You start memorising the spell.
You continue memorising.
Your transformation is almost over.
You continue memorising. x2
You finish memorising.
Spell assigned to 'p'.
You swap places.
You swap places.
Your talons disappear.
The frilled lizard hisses angrily.
You hit the frilled lizard.
You kill the frilled lizard!
Your adder withers and dies!
A quokka and a kobold come into view.
The kobold shouts!
Unknown command.
A worm and a kobold come into view.
Unknown command.
Unknown command.
Casting: Beastly Appendage (safe; 3% risk of failure)
Confirm with . or Enter, or press ? or * to list all spells.
You turn into a venomous arachnid creature.
Your +0 helmet melds into your body.
Your +0 robe melds into your body.
Unknown command.
You hit the kobold.
You kill the kobold!
Casting: Spider Form (slightly dangerous; 38% risk of failure)
Confirm with . or Enter, or press ? or * to list all spells.
You create a snake!
You now have 10 arrows.
Unknown command.
Your transformation is almost over.
You hit the worm.
The worm is moderately wounded.
Your ball python bites the worm.
Your ball python grabs the worm.
Your ball python constricts the worm.
You hit the worm.
The worm is severely wounded.
Your ball python bites the worm.
Your ball python constricts the worm.
The worm bites your ball python.
You bite the worm!
You kill the worm!
You bite the kobold!
You kill the kobold!
Found 13 gold pieces.
You see here 13 gold pieces.
You now have 77 gold pieces (gained 13).
Your transformation has ended.
Your +0 helmet unmelds from your body.
Your +0 robe unmelds from your body.
Casting: Sticks to Snakes (safe; 4% risk of failure)
Confirm with . or Enter, or press ? or * to list all spells.
You turn into a venomous arachnid creature.
Your +0 helmet melds into your body.
Your +0 robe melds into your body.
The quokka completely misses you.
You hit the quokka but do no damage.
The quokka is poisoned.
Your ball python withers and dies!
The quokka completely misses you.
You hit the quokka.
You kill the quokka!
You see here a quokka corpse.
Are you sure you want to abandon this character and quit the game? (Confirm with "yes".)

.....###...#...#.#...#...#.####.#
.....# ##..##..###..##..##..#
#.#### ##..##..#..##..####.# #.#
##..##...##..## .. #.#
##†.##.##..# #.# #.# ##..###..#
.. ..# ##..#..# ### ##...# ∆
##s## ### . ... ..... ..... .....
.....


There were no monsters in sight!

Vanquished Creatures
  An adder (D:2)
  2 worms (D:2)
  A dart slug (D:1)
  3 leopard geckos (D:1)
  A goblin (D:1)
  2 hobgoblins
  A quokka (D:2)
  2 bats
  2 frilled lizards
  4 kobolds
  2 rats (D:2)
21 creatures vanquished.

Notes
Turn   | Place    | Note
-------+----------+-------------------------------------------
     0 | D:1      | tidbits the Gnoll Transmuter began the quest for the Orb.
     0 | D:1      | Reached XP level 1. HP: 17/17 MP: 6/6
    65 | D:1      | Reached XP level 2. HP: 17/23 MP: 7/7
    69 | D:1      | Learned a level 2 spell: Sticks to Snakes
   179 | D:2      | Found a hide-covered altar of Uskayaw.
   179 | D:2      | Noticed a +0 hand axe
   179 | D:2      | Noticed a +0 dagger
   361 | D:2      | Reached skill level 5 in Spellcasting
   361 | D:2      | Reached XP level 3. HP: 18/28 MP: 4/9
   366 | D:2      | Learned a level 3 spell: Spider Form
   427 | D:2      | Quit the game

Skill      XL: |  1  2 |
---------------+-------+-----
Spellcasting   | 5 |  5.0
Fighting       | |  2.6
Short Blades   | |  0.7
Long Blades    | |  0.7
Axes           | |  0.7
Maces & Flails | |  0.7
Polearms       | |  0.7
Staves         | |  0.7
Slings         | |  0.7
Bows           | |  0.7
Crossbows      | |  0.7
Throwing       | |  0.7
Armour         | |  0.7
Dodging        | |  4.5
Stealth        | |  0.7
Shields        | |  0.7
Unarmed Combat | |  6.5
Conjurations   | |  0.5
Hexes          | |  0.5
Charms         | |  0.5
Summonings     | |  0.5
Necromancy     | |  0.5
Translocations | |  0.5
Transmutations | |  3.7
Fire Magic     | |  0.5
Ice Magic      | |  0.5
Air Magic      | |  0.5
Earth Magic    | |  0.5
Poison Magic   | |  0.5
Invocations    | |  0.9
Evocations     | |  0.7

Action                   || total
-------------------------++-------
Melee: Unarmed           ||    53
       Kick              ||     6
       Bite              ||     1
       Punch             ||     2
 Cast: Beastly Appendage ||    11
       Sticks to Snakes  ||     2
       Spider Form       ||     2
  Use: Scroll            ||     1
 Stab: Sleeping          ||     2
Armor: Robe              ||     4
Dodge: Dodged            ||    27

Table legend:
 A = Turns spent in this place as a percentage of turns spent in the entire game.
 B = Non-inter-level travel turns spent in this place as a percentage of non-inter-level travel turns spent in the entire game.
 C = Inter-level travel turns spent in this place as a percentage of turns spent in this place.
 D = Turns resting spent in this place as a percentage of non-inter-level travel turns spent in this place.
 E = Turns spent auto-exploring this place as a percentage of non-inter-level travel turns spent in this place.
 F = Non-inter-level travel turns spent in this place divided by the number of levels of this place that you've seen.
                   A       B       C       D       E      F
               +-------+-------+-------+-------+-------+----------------------
         Total | 100.0 | 100.0 |   0.0 |   0.0 |   0.0 | 213.5
       Dungeon | 100.0 | 100.0 |   0.0 |   0.0 |   0.0 | 213.5
               +-------+-------+-------+-------+-------+----------------------

Table legend:
 A = Kills in this place as a percentage of kills in entire the game.
 B = Kills by you in this place as a percentage of kills by you in the entire game.
 C = Kills by friends in this place as a percentage of kills by friends in the entire game.
 D = Other kills in this place as a percentage of other kills in the entire game.
 E = Experience gained in this place as a percentage of experience gained in the entire game.
 F = Experience gained in this place divided by the number of levels of this place that you have seen.
                   A       B       C       D       E      F
               +-------+-------+-------+-------+-------+----------------------
         Total | 100.0 | 100.0 |   N/A |   N/A | 100.0 |  27.5
       Dungeon | 100.0 | 100.0 |   N/A |   N/A | 100.0 |  27.5
               +-------+-------+-------+-------+-------+----------------------

Levels and vault maps discovered:
D:1:      dpeg_chamrin_arrival_tetris, layout_loops_corners,
          corexii_leaking_fountain, minivault_14
D:2:      minmay_alternating_diamond, layout_basic, dancing_weapons_uskayaw,
          minmay_pentomino_z2
